 Dungeon Crawl Stone Soup version 0.18.1-6-gd335043 (webtiles) character file.

798 Heskey the Poker (level 7, -2/59 HPs)
             Began as a Merfolk Gladiator on May 15, 2016.
             Slain by an ogre
             ... wielding a +0 giant club
              (13 damage)
             ... on level 4 of the Dungeon.
             The game lasted 00:04:21 (3087 turns).

Heskey the Poker (Merfolk Gladiator)                Turns: 3087, Time: 00:04:22

Health: -2/59      AC: 10    Str: 17    XL:     7   Next: 90%
Magic:  7/7        EV:  7    Int:  8    God:
Gold:   224        SH: 12    Dex: 14    Spells: 0 memorised, 6 levels left

rFire  + . .     SeeInvis .     a - +0 trident
rCold  x . .     Gourm    .     j - +0 scale mail
rNeg   . . .     Faith    .     D - +0 large shield
rPois  .         Spirit   .     c - +0 helmet
rElec  .         Dismiss  .     u - +0 cloak
rCorr  .         Reflect  .     l - +0 pair of gloves
SustAt .         Harm     .     (no boots)
MR     .....                    (no amulet)
Stlth  ..........               (no ring)
                                e - ring of fire

@: not resistant to hostile enchantments, extremely unstealthy
A: change form in water, swift swim
a: no special abilities


You were on level 4 of the Dungeon.
You were very hungry.

You visited 1 branch of the dungeon, and saw 4 of its levels.

You collected 224 gold pieces.

Inventory:

Hand Weapons
 a - a +0 trident (weapon)
Missiles
 d - 3 throwing nets (quivered)
Armour
 c - a +0 helmet (worn)
 j - a +0 scale mail (worn)
 l - a +0 pair of gloves (worn)
 u - a +0 cloak (worn)
 D - a +0 large shield (worn)
Jewellery
 e - a ring of fire (left hand)
 E - a +3 ring of evasion {unknown}
Wands
 t - a wand of hasting (2/9)
 G - a wand of teleportation (7/9)
Scrolls
 i - 3 scrolls of identify {unknown}
 n - 3 scrolls of magic mapping {unknown}
 o - a scroll of recharging {unknown}
 p - 3 scrolls of blinking {unknown}
 q - a scroll of amnesia {unknown}
 s - 4 scrolls of teleportation {unknown}
 w - a scroll of fear {unknown}
 z - 2 scrolls of remove curse {unknown}
 A - a scroll of fog {unknown}
Potions
 b - a potion of resistance {unknown}
 h - 2 potions of lignification {unknown}
 m - a potion of heal wounds
 r - a potion of haste {unknown}
 v - a potion of cancellation {unknown}
 x - 2 potions of mutation {unknown}
 B - 2 potions of flight {unknown}
 C - 3 potions of might {unknown}
Books
 y - a book of Ice

   Spells                             Type                      Level
   a - Ice Form                       Ice/Transmutation            4
   b - Metabolic Englaciation         Hexes/Ice                    5
   c - Ozocubu's Refrigeration        Ice                          6
   d - Bolt of Cold                   Conjuration/Ice              6
   e - Freezing Cloud                 Conjuration/Ice/Air          6
   f - Simulacrum                     Ice/Necromancy               6
 F - a book of the Warp

   Spells                             Type                      Level
   a - Recall                         Summoning/Translocation      3
   b - Gell's Gravitas                Hexes/Translocation          3
   c - Force Lance                    Conjuration/Translocation    4
   d - Warp Weapon                    Charms/Translocation         5
   e - Summon Forest                  Summoning/Translocation      5
Comestibles
 f - 3 bread rations
 g - 2 fruits
 k - 3 meat rations


   Skills:
 * Level 6.6 Fighting
 + Level 7.5 Polearms
 - Level 2.0 Throwing
 + Level 2.7 Armour
 - Level 4.0 Dodging
 * Level 2.0 Shields


You had 6 spell levels left.
You didn't know any spells.

Dungeon Overview and Level Annotations

Branches:
Dungeon (4/15)
 Temple: D:4-7

Altars:
Cheibriados
Fedhas
Pakellas
The Shining One


Message History

The ogre hits you with a giant club!
You hit the ogre.
The ogre is almost dead.
The ogre barely misses you.
You hit the ogre.
The ogre is almost dead.
The ogre hits you with a giant club!!
* * * LOW HITPOINT WARNING * * *
You are too injured to fight recklessly!
You are too injured to fight recklessly!
Evoke which item? (* to show all) (? for menu, Esc to quit)
Attack whom?
Press: ? - help, Dir - move target cursor, f/p - ogre
Aim: an ogre, wielding a giant club (almost dead)
You reach to attack!
You closely miss the ogre.
The ogre is almost dead.
You see here 27 stones.
There is a stone staircase leading up here.
The ogre hits you with a giant club!
You die...

#.###.......#
#########.###.#.###.#
############.............#.###.##
.............###.................
############.###.###.#####.......
####### #.#(............###.#.
#.....# #.#.#.###.......# #.#.
#.###.######.#.#.# ######### #.#.
#.##.........#.#@# #.#.
#.#........(...#O# #.#.
#.....######.###.# #.#. ###..##
#.....# #.#. #.)# ####### #.#.
#..### #. #..#.. #. #..#.# ##
#..#.#


You could see an ogre.

Vanquished Creatures
  Sigmund (D:4)
  Eustachio (D:4)
  Blork the orc (D:4)
  A howler monkey (D:4)
  3 orc wizards (D:3)
  An orc priest (D:3)
  Crazy Yiuf (D:2)
  Natasha (thrice) (D:2)
  A worker ant (D:4)
  Terence (D:2)
  3 gnolls (D:4)
  2 adders (D:3)
  A worm (D:2)
  A dart slug (D:2)
  3 giant geckos
  7 orcs (D:3)
  2 giant cockroaches
  7 goblins
  9 hobgoblins
  3 jackals (D:1)
  4 quokkas
  A ball python (D:3)
  6 bats
  8 giant newts
  4 kobolds
  11 rats
86 creatures vanquished.

Notes
Turn   | Place    | Note
--------------------------------------------------------------
     0 | D:1      | Heskey the Merfolk Gladiator began the quest for the Orb.
     0 | D:1      | Reached XP level 1. HP: 16/16 MP: 1/1
    55 | D:1      | You fall through a shaft!
   102 | D:2      | Found a faded altar to an unknown god.
   106 | D:2      | Reached XP level 2. HP: 17/23 MP: 2/2
   370 | D:1      | Reached XP level 3. HP: 29/29 MP: 3/3
   387 | D:1      | Found a snail-covered altar of Cheibriados.
   522 | D:1      | Reached skill level 5 in Polearms
  1019 | D:2      | Noticed Natasha
  1031 | D:2      | Killed Natasha
  1031 | D:2      | Reached skill level 1 in Armour
  1031 | D:2      | Reached XP level 4. HP: 19/35 MP: 4/4
  1194 | D:2      | Found an oddly glowing altar of Pakellas.
  1202 | D:2      | Noticed Terence
  1209 | D:2      | Killed Terence
  1429 | D:2      | Noticed Crazy Yiuf
  1438 | D:2      | Killed Crazy Yiuf
  1438 | D:2      | Reached XP level 5. HP: 25/42 MP: 5/5
  1658 | D:2      | Noticed Natasha
  1669 | D:2      | Killed Natasha
  1695 | D:2      | Noticed Natasha
  1698 | D:2      | Killed Natasha
  1748 | D:3      | Reached skill level 6 in Polearms
  1764 | D:3      | Reached skill level 5 in Fighting
  1764 | D:3      | Reached XP level 6. HP: 41/51 MP: 6/6
  2333 | D:3      | Found a blossoming altar of Fedhas.
  2454 | D:4      | Noticed Eustachio
  2471 | D:4      | Killed Eustachio
  2471 | D:4      | Reached skill level 7 in Polearms
  2471 | D:4      | Reached XP level 7. HP: 54/57 MP: 7/7
  2510 | D:4      | Found a glowing golden altar of the Shining One.
  2634 | D:4      | Noticed Blork the orc
  2644 | D:4      | Killed Blork the orc
  2644 | D:4      | Reached skill level 1 in Shields
  2683 | D:4      | Noticed Sigmund
  2692 | D:4      | Killed Sigmund
  3087 | D:4      | Slain by an ogre

Skill      XL: |  1  2  3  4  5  6  7 |
---------------+----------------------+-----
Fighting       | 3 4 5 6 |  6.6
Polearms       | 5 6 7 |  7.5
Armour         | 1 2 |  2.7
Shields        | 2 |  2.0
Throwing       | |  2.0
Dodging        | |  4.0

Action                   |  1- 3 |  4- 6 |  7- 9 || total
-------------------------+-------+-------+-------++-------
Melee: Trident           |   125 |   160 |    58 ||   343
 Stab: Sleeping          |     1 |       |       ||     1
  Eat: Chunk             |       |     5 |     1 ||     6
Armor: Leather armour    |     6 |       |       ||     6
       Scale mail        |    44 |    37 |    17 ||    98
Dodge: Dodged            |    50 |    49 |    18 ||   117
Block: Large shield      |       |       |    20 ||    20
